 Dungeon Crawl Stone Soup version 0.30-a0-989-g0d87f670db (webtiles) character file.

Game seed: 8817550910031134821

4151 Sabo the Cruncher (level 10, 0/76 HPs)
             Began as a Gnoll Wanderer on Apr 2, 2023.
             Was a Follower of Makhleb.
             Slain by an orc knight
             ... wielding a +0 halberd
              (17 damage)
             ... in a bailey.
             The game lasted 00:48:45 (9646 turns).

Sabo the Cruncher (Gnoll Wanderer)                  Turns: 9646, Time: 00:48:45

Health: 0/76       AC: 15    Str: 15    XL:     10   Next: 27%
Magic:  17/17      EV: 11    Int: 10    God:    Makhleb [*.....]
Gold:   579        SH:  0    Dex: 14    Spells: 19/19 levels left

rFire   x . .      SeeInvis .    a - +6 quarterstaff
rCold   + + .      Faith    .    (shield currently unavailable)
rNeg    . . .      Spirit   .    E - +1 ice dragon scales
rPois   .          Reflect  .    n - +2 helmet
rElec   .          Rampage  .    r - scarf {repulsion}
rCorr   +          Clarity  +    (no gloves)
Will    .....                    (no boots)
Stlth   ++                       (no amulet)
HPRegen 0.32/turn                i - ring of flight
MPRegen 0.15/turn                o - ring of resist corrosion

@: flying, studying Staves, repel missiles
A: fangs 1, strong nose, distributed training, camouflage 1, clarity, frail 1
a: Renounce Religion


You were in a bailey.
You worshipped Makhleb.
Makhleb was aware of your devotion.
You visited 2 branches of the dungeon, and saw 9 of its levels.
You also visited: Bailey.

You collected 579 gold pieces.

Inventory:

Hand Weapons
 a - a +6 quarterstaff (weapon)
 u - a +4 quarterstaff of chaos
 x - a +3 rapier of venom
 C - a +0 shortbow
 G - a +2 war axe of electrocution
 L - a +3 trident
Missiles
 d - 9 boomerangs
 m - 15 poisoned darts (quivered)
Armour
 n - a +2 helmet (worn)
 r - a scarf of repulsion (worn)
 z - a +0 buckler
 E - +1 ice dragon scales (worn)
 F - a +0 cloak
 H - a +0 chain mail
Jewellery
 i - a ring of flight (left hand)
 o - a ring of resist corrosion (right hand)
 t - an amulet of faith
 y - a ring of willpower
Wands
 g - a wand of digging (6)
 s - a wand of flame (15)
 w - a wand of roots (10)
 A - a wand of paralysis (14)
Scrolls
 e - a scroll of fear
 h - a scroll of fog
 j - 2 scrolls of teleportation
 l - a scroll of summoning
Potions
 b - a potion of mutation
 c - 4 potions of curing
 f - 5 potions of heal wounds
 k - 2 potions of might
 p - a potion of brilliance
 q - 3 potions of lignification
 v - 3 potions of invisibility
 B - a potion of attraction {unknown}
 D - 2 potions of haste {unknown}
 I - a potion of cancellation {unknown}
 J - a potion of magic {unknown}
 K - a potion of resistance {unknown}


   Skills:
 + Level 10.1 Fighting
 + Level 5.3 Short Blades
 + Level 5.3 Long Blades
 + Level 5.3 Axes
 + Level 5.3 Maces & Flails
 + Level 6.0 Polearms
 + Level 12.0 Staves
 + Level 5.3 Ranged Weapons
 + Level 5.3 Throwing
 + Level 5.3 Armour
 + Level 5.3 Dodging
 + Level 5.3 Stealth
 + Level 5.3 Shields
 + Level 5.3 Unarmed Combat
 + Level 5.3 Spellcasting
 + Level 4.4 Conjurations
 + Level 4.4 Hexes
 + Level 4.4 Summonings
 + Level 4.4 Necromancy
 + Level 4.4 Translocations
 + Level 4.4 Transmutations
 + Level 4.4 Fire Magic
 + Level 4.4 Ice Magic
 + Level 4.4 Air Magic
 + Level 4.4 Earth Magic
 + Level 4.4 Poison Magic
 + Level 5.8 Invocations
 + Level 5.3 Evocations


You had 19 spell levels left.
You didn't know any spells.
Your spell library contained the following spells:

 Spells                   Type           Power      Damage    Failure   Level
 Apportation              Tloc           22%        N/A       17%         1
 Necrotise                Necr           44%        1d6       17%         1
 Summon Small Mammal      Summ           44%        N/A       17%         1
 Alistair's Intoxication  Tmut/Pois      7%         N/A       99%         5


Dungeon Overview and Level Annotations

Branches:
Dungeon (8/15)             Temple (1/1) D:7          Bailey (1/1)
   Lair: D:8-11

Altars:
Ashenzari
Cheibriados
Dithmenos
Elyvilon
Fedhas
Gozag
Hepliaklqana
Kikubaaqudgha
Makhleb
Nemelex Xobeh
Okawaru
Qazlal
Ru
Sif Muna
Trog
Uskayaw
Vehumet
Wu Jian
Xom
Yredelemnul
Zin
The Shining One


Innate Abilities, Weirdness & Mutations

You have very sharp teeth.
Your uncanny sense of smell can sniff out nearby items.
Your experience applies equally to all skills.
Your skin changes colour to match your surroundings (Stealth+).
You possess an exceptional clarity of mind.
You are frail. (-10% HP)


Message History

The orc knight hits your gnoll with a +0 halberd!
Your gnoll barely misses the orc warrior.
Your gnoll hits the orc warrior with a +2 halberd of flaming.
Your gnoll burns the orc warrior.
The orc warrior dies!
Makhleb accepts your kill.
Your Polearms skill increases to level 6!
There is an open door, spattered with blood here.
Items here: ))) †.
Okay, then.
You feel much better.
The orc knight hits your gnoll with a +0 halberd!!
Your gnoll dies!
Your gnoll's corpse dissolves into shadows!
Your gnoll barely misses the orc knight.
You see here a +0 war axe.
The orc knight hits your gnoll with a +0 halberd!!
Your gnoll dies!
Your gnoll's corpse dissolves into shadows!
There is an open door, spattered with blood here.
Items here: ))) †.
Things that are here:
a +0 war axe; a +0 spear The orc closely misses you.
The orc knight hits you with a +0 halberd.
You completely miss the orc knight. The orc hits you but does no damage.
The orc knight hits you with a +0 halberd!
You sock the orc knight!
The orc knight is lightly wounded.
You closely miss the orc knight.
The orc knight is lightly wounded.
The orc hits you from afar with a +0 trident.
The orc knight hits you with a +0 halberd!
* * * LOW HITPOINT WARNING * * *
You closely miss the orc knight.
You bite the orc knight, but do no damage.
The orc knight is lightly wounded.
The orc barely misses you.
The orc knight hits you with a +0 halberd!
You die...

#)##8##.#
#))#.#..#
#)......#
#...[...#
#.......#
##..)..##
###)###
#.))#
#.@.#
#.o.#
#..o#
###'###
##..)..##
#.......#
#.)#8#..#
#..#.#..#
#..).)..#


You could see an orc knight and an orc (strong).

Vanquished Creatures
  4 yaks (D:7)
  The ghost of jimonade the Chopper, an amateur HOFi (D:4)
  Eustachio (D:4)
  Menkaure (D:7)
  An acid dragon (D:8)
  Duvessa (D:4)
  A water moccasin (D:6)
  5 orc warriors (Bailey)
  2 sky beasts (D:6)
  A black bear (D:6)
  An ice beast (D:7)
  2 centaurs
  2 phantoms
  A kobold brigand (D:6)
  Blork the orc (D:4)
  A bullfrog (D:7)
  A water moccasin zombie (D:4)
  4 scorpions
  Dowan (D:4)
  4 killer bees (D:7)
  A howler monkey (D:4)
  A bullfrog zombie (D:4)
  2 jellies (D:4)
  3 hounds
  An orc priest (D:6)
  Crazy Yiuf (D:7)
  2 sleepcaps
  9 iguanas
  7 orc wizards
  6 adders
  An ufetubus (D:4)
  2 worms
  A dart slug (D:2)
  35 orcs
  8 ball pythons
  3 bats
  4 endoplasms
  8 giant cockroaches
  4 goblins
  6 hobgoblins
  3 jackals (D:5)
  A kobold (D:1)
  8 quokkas
  6 frilled lizards
  A rat (D:2)
160 creatures vanquished.

Vanquished Creatures (collateral kills)
  An orc warrior (Bailey)
1 creature vanquished.

Grand Total: 161 creatures vanquished

Notes
Turn   | Place    | Note
-------+----------+-------------------------------------------
     0 | D:1      | Reached skill level 10 in Staves
     0 | D:1      | Sabo the Gnoll Wanderer began the quest for the Orb.
     0 | D:1      | Sabo set off with the following items: a +3 quarterstaff, a
                  | +0 spear, a potion of curing, a +0 leather armour.
     0 | D:1      | Reached XP level 1. HP: 26/26 MP: 1/1
   380 | D:1      | Found a faded altar of an unknown god.
   386 | D:1      | Reached XP level 2. HP: 33/33 MP: 2/2
   876 | D:2      | Reached XP level 3. HP: 38/38 MP: 3/3
  1122 | D:2      | Reached skill level 1 in Invocations
  1284 | D:2      | Reached skill level 1 in Short Blades
  1284 | D:2      | Reached skill level 1 in Long Blades
  1284 | D:2      | Reached skill level 1 in Axes
  1284 | D:2      | Reached skill level 1 in Maces & Flails
  1284 | D:2      | Reached skill level 1 in Ranged Weapons
  1284 | D:2      | Reached skill level 1 in Throwing
  1284 | D:2      | Reached skill level 1 in Armour
  1284 | D:2      | Reached skill level 1 in Dodging
  1284 | D:2      | Reached skill level 1 in Stealth
  1284 | D:2      | Reached skill level 1 in Shields
  1284 | D:2      | Reached skill level 1 in Unarmed Combat
  1284 | D:2      | Reached skill level 1 in Spellcasting
  1284 | D:2      | Reached skill level 1 in Evocations
  1711 | D:3      | Reached XP level 4. HP: 43/45 MP: 5/5
  2239 | D:4      | Reached skill level 1 in Conjurations
  2239 | D:4      | Reached skill level 1 in Hexes
  2239 | D:4      | Reached skill level 1 in Summonings
  2239 | D:4      | Reached skill level 1 in Necromancy
  2239 | D:4      | Reached skill level 1 in Translocations
  2239 | D:4      | Reached skill level 1 in Transmutations
  2239 | D:4      | Reached skill level 1 in Fire Magic
  2239 | D:4      | Reached skill level 1 in Ice Magic
  2239 | D:4      | Reached skill level 1 in Air Magic
  2239 | D:4      | Reached skill level 1 in Earth Magic
  2239 | D:4      | Reached skill level 1 in Poison Magic
  2273 | D:4      | Reached XP level 5. HP: 40/51 MP: 5/7
  2496 | D:4      | Noticed Blork the orc
  2509 | D:4      | Killed Blork the orc
  2872 | D:4      | Reached XP level 6. HP: 57/57 MP: 8/8
  2894 | D:4      | Noticed Duvessa
  2965 | D:4      | Noticed Dowan
  2983 | D:4      | Killed Duvessa
  2984 | D:4      | Killed Dowan
  3141 | D:4      | Found a runed translucent gate.
  3141 | D:4      | Found a runed translucent gate.
  3141 | D:4      | Found a runed translucent gate.
  3141 | D:4      | Noticed jimonade's ghost (amateur HOFi)
  3143 | D:4      | Found a basalt altar of Yredelemnul.
  3157 | D:4      | Reached XP level 7. HP: 48/63 MP: 10/10
  3380 | D:4      | Killed jimonade's ghost
  3574 | D:4      | Noticed Eustachio
  3591 | D:4      | Killed Eustachio
  3592 | D:4      | Reached XP level 8. HP: 58/71 MP: 12/12
  3703 | D:4      | Identified the +0 leather armour of Poor Excuses {Dex+3}
  4132 | D:5      | Entered Level 5 of the Dungeon
  4308 | D:5      | Reached skill level 11 in Staves
  5575 | D:6      | Reached XP level 9. HP: 58/77 MP: 14/14
  5658 | D:6      | Gained mutation: You are frail. (-10% HP) [potion of
                  | mutation]
  5658 | D:6      | Gained mutation: You possess an exceptional clarity of
                  | mind. [potion of mutation]
  5658 | D:6      | Gained mutation: Your skin changes colour to match your
                  | surroundings (Stealth+). [potion of mutation]
  6290 | D:6      | Reached skill level 5 in Polearms
  6567 | D:7      | Found a staircase to the Ecumenical Temple.
  6597 | Temple   | Entered the Ecumenical Temple
  6982 | Temple   | Became a worshipper of Makhleb the Destroyer
  7113 | D:7      | Noticed Menkaure
  7119 | D:7      | Killed Menkaure
  7240 | D:7      | Found a glowing silver altar of Zin.
  7710 | D:7      | Reached skill level 5 in Invocations
  8217 | D:7      | Reached skill level 5 in Short Blades
  8217 | D:7      | Reached skill level 5 in Long Blades
  8217 | D:7      | Reached skill level 5 in Axes
  8217 | D:7      | Reached skill level 5 in Maces & Flails
  8217 | D:7      | Reached skill level 5 in Ranged Weapons
  8217 | D:7      | Reached skill level 5 in Throwing
  8217 | D:7      | Reached skill level 5 in Armour
  8217 | D:7      | Reached skill level 5 in Dodging
  8217 | D:7      | Reached skill level 5 in Stealth
  8217 | D:7      | Reached skill level 5 in Shields
  8217 | D:7      | Reached skill level 5 in Unarmed Combat
  8217 | D:7      | Reached skill level 5 in Spellcasting
  8217 | D:7      | Reached skill level 5 in Evocations
  8217 | D:7      | Reached XP level 10. HP: 72/76 MP: 17/17
  8245 | D:7      | Reached skill level 10 in Fighting
  8545 | D:7      | Found a runed translucent door.
  8546 | D:7      | Noticed Crazy Yiuf
  8551 | D:7      | Killed Crazy Yiuf
  8702 | D:8      | Reached * piety under Makhleb
  8754 | D:8      | Found a flagged portal.
  8817 | Bailey   | Entered a bailey
  9343 | Bailey   | Reached skill level 12 in Staves
  9614 | Bailey   | Noticed an orc knight
  9646 | Bailey   | Slain by an orc knight

Illustrated notes

Levels and vault maps discovered:
D:1:      dpeg_arrival_lava_temple_mockup, layout_basic,
          shapermc_ecumenical_altar_mp_highgroup, hex_intersection
D:2:      layout_basic, kennysheep_doodads, minmay_indecisive_spiral
D:3:      layout_basic
D:4:      layout_gridville, nicolae_yredelemnul_ghost_church,
          uniq_blork_the_orc, uniq_duvessa, uniq_eustachio
D:5:      layout_loops_ring, minmay_misc_feat_cross, kennysheep_crisscross
D:6:      minmay_thinvault, layout_cave_pods
D:7:      layout_basic, old_standard_altar, minmay_temple_entry_crystal_x,
          uniq_menkaure, uniq_crazy_yiuf_cottage
D:8:      layout_cave_pools, enter_bailey_2, minmay_fire_ice_demons
Temple:   mainiacjoe_temple_cubbyholes
Bailey:   bailey_polearm_5, bailey

Skill      XL: |  1  2  3  4  5  6  7  8  9 10 |
---------------+-------------------------------+-----
Staves         | 11 12 | 12.0
Invocations    | 1 2 3 4 5 |  5.8
Short Blades   | 1 2 3 5 |  5.3
Long Blades    | 1 2 3 5 |  5.3
Axes           | 1 2 3 5 |  5.3
Maces & Flails | 1 2 3 5 |  5.3
Ranged Weapons | 1 2 3 5 |  5.3
Throwing       | 1 2 3 5 |  5.3
Armour         | 1 2 3 5 |  5.3
Dodging        | 1 2 3 5 |  5.3
Stealth        | 1 2 3 5 |  5.3
Shields        | 1 2 3 5 |  5.3
Unarmed Combat | 1 2 3 5 |  5.3
Spellcasting   | 1 2 3 5 |  5.3
Evocations     | 1 2 3 5 |  5.3
Conjurations   | 1 2 3 4 |  4.4
Hexes          | 1 2 3 4 |  4.4
Summonings     | 1 2 3 4 |  4.4
Necromancy     | 1 2 3 4 |  4.4
Translocations | 1 2 3 4 |  4.4
Transmutations | 1 2 3 4 |  4.4
Fire Magic     | 1 2 3 4 |  4.4
Ice Magic      | 1 2 3 4 |  4.4
Air Magic      | 1 2 3 4 |  4.4
Earth Magic    | 1 2 3 4 |  4.4
Poison Magic   | 1 2 3 4 |  4.4
Polearms       | 3 4 5 6 |  6.0
Fighting       | 9 10 | 10.1

Action                     |  1- 3 |  4- 6 |  7- 9 | 10-12 || total
---------------------------+-------+-------+-------+-------++-------
  Melee: Quarterstaff      |    96 |    76 |   300 |   105 ||   577
         Bite              |    10 |     8 |    40 |    13 ||    71
  Throw: Dart              |     1 |     1 |       |     5 ||     7
    Use: Scroll            |    10 |     2 |    13 |     3 ||    28
         Potion            |       |       |     4 |     3 ||     7
 Armour: Leather armour    |     4 |       |       |       ||     4
         Ring mail         |    31 |     7 |       |       ||    38
         Chain mail        |       |    13 |   149 |       ||   162
         Ice dragon scales |       |       |     1 |    77 ||    78
  Dodge: Dodged            |    49 |    21 |    93 |    83 ||   246
         Repelled          |     2 |       |     2 |     2 ||     6

Table legend: (Time is in decaauts)
 A = Elapsed time spent in this place.
 B = Non-inter-level travel time spent in this place.
 C = Inter-level travel time spent in this place.
 D = Time resting spent in this place.
 E = Time spent auto-exploring this place.
 F = Levels seen in this place.
 G = Mean time per level.
                   A        B        C        D        E       F      G
               +--------+--------+--------+--------+--------+-----+--------+
         Total |   9495 |   9495 |      0 |   2090 |      0 |  10 |  949.5 |
       Dungeon |   8251 |   8251 |      0 |   1623 |      0 |   8 | 1031.4 |
        Temple |    439 |    439 |      0 |      0 |      0 |   1 |  439.0 |
        Bailey |    804 |    804 |      0 |    467 |      0 |   1 |  804.0 |
               +--------+--------+--------+--------+--------+-----+--------+

Top non-repeatable levels by time:
     D:4: 1929 daAuts
     D:7: 1698 daAuts
     D:6: 1540 daAuts
  Bailey: 804 daAuts
     D:1: 791 daAuts
     D:5: 790 daAuts
     D:2: 767 daAuts
     D:3: 595 daAuts
  Temple: 439 daAuts
     D:8: 139 daAuts
